Map: Orbital Shipyard

Players

MCanning

  • Race: Protoss Protoss
  • League: Grandmaster

Voltz - Winner!

  • Race: Zerg Zerg
  • League: Grandmaster

VOD

http://www.twitch.tv/mcanning/v/30690643

Description

Time

  • Played on: Dec. 18, 2015, 11:45 p.m.
  • Length: 11:39
Show
View Real Time Build Order
Export as new Build Order

MCanning Protoss 

Build Orders: Nexus First 

Get SALT Encoding   

  12  0:02  Probe (Chrono Boost)  
  13  0:12  Probe (Chrono Boost)  
  14  0:23  Probe (Chrono Boost), Pylon  
  15  0:42  Probe (Chrono Boost)  
  16  0:52  Probe (Chrono Boost)  
  17  1:00  Nexus  
  17  1:11  Gateway  
  17  1:12  Probe (Chrono Boost)  
  18  1:23  Probe (Chrono Boost)  
  18  1:24  Assimilator  
  19  1:30  Assimilator  
  19  1:33  Probe (Chrono Boost)  
  19  1:38  Pylon  
  20  1:44  Probe (Chrono Boost)  
  21  1:54  Gateway, Probe (Chrono Boost)  
  22  2:05  Probe (Chrono Boost)  
  22  2:07  Cybernetics Core  
  23  2:16  Probe (Chrono Boost)  
  23  2:21  Probe (Chrono Boost)  
  25  2:26  Probe (Chrono Boost)  
  26  2:32  Probe (Chrono Boost)  
  26  2:37  Probe (Chrono Boost)  
  28  2:42  Probe (Chrono Boost)  
  28  2:44  Adept x2 (Chrono Boost)  
  33  2:45  Warp Gate  
  33  2:48  Mothership Core  
  35  2:57  Probe  
  36  3:07  Pylon  
  36  3:08  Stalker (Chrono Boost), Sentry (Chrono Boost)  
  36  3:09  Probe x2 (Chrono Boost)  
  42  3:21  Probe x2 (Chrono Boost)  
  44  3:31  Probe (Chrono Boost)  
  44  3:32  Probe (Chrono Boost)  
  46  3:40  Stalker, Sentry  
  46  3:42  Probe x2 (Chrono Boost)  
  48  3:53  Probe (Chrono Boost)  
  48  3:54  Nexus  
  49  4:01  Pylon  
  49  4:03  Probe (Chrono Boost), Pylon  
  49  4:07  Twilight Council  
  49  4:09  Probe (Chrono Boost)  
  51  4:22  Probe (Chrono Boost)  
  51  4:23  Probe (Chrono Boost)  
  53  4:25  Pylon  
  53  4:28  Gateway  
  53  4:29  Gateway  
  53  4:31  Gateway  
  53  4:33  Probe (Chrono Boost)  
  53  4:37  Probe (Chrono Boost)  
  55  4:41  Charge (Chrono Boost)  
  55  4:42  Assimilator  
  55  4:43  Probe (Chrono Boost)  
  56  4:46  Probe  
  56  4:52  Robotics Facility  
  57  4:57  Gateway  
  57  4:58  Gateway  
  58  5:07  Probe x2, Gateway  
  58  5:08  Probe, Gateway  
  60  5:18  Probe  
  60  5:19  Probe  
  62  5:22  Gateway  
  62  5:33  Gateway  
  62  5:39  Gateway, Zealot x2  
  62  5:40  Gateway, Zealot x2  
  70  5:47  Warp Prism (Chrono Boost)  
  72  5:55  Pylon  
  72  5:58  Zealot  
  72  5:59  Zealot x3  
  80  6:06  Zealot x3  
  86  6:15  Zealot  
  86  6:16  Zealot  
  86  6:17  Observer (Chrono Boost)  
  90  6:23  Pylon  
  90  6:24  Pylon  
  91  6:26  Pylon  
  83  6:42  Zealot x5  
  83  6:43  Zealot x3  
  83  6:44  Observer, Zealot x3  
  104  7:12  Zealot x6  
  104  7:13  Zealot  
  118  7:22  Stalker  
  118  7:23  Stalker x2  
  118  7:24  Stalker  
  112  7:30  Stalker x3  
  98  7:37  Stalker x2  
  98  7:41  Stalker x2  
  86  7:44  Stalker x2  
  86  7:47  Stalker  
  84  7:55  Stalker  
  84  7:56  Zealot x5  
  92  8:01  Probe  
  92  8:03  Warp Prism  
  89  8:08  Assimilator  
  89  8:13  Probe  
  89  8:15  Zealot  
  89  8:16  Zealot x3  
  98  8:30  Probe  
  99  8:37  Stargate  
  99  8:40  Stargate  
  99  8:48  Probe  
  90  8:52  Assimilator  
  70  8:56  Assimilator  
  70  8:59  Zealot  
  70  9:00  Mothership Core, Zealot x3  
  78  9:06  Pylon  
  78  9:09  Zealot, Pylon  
  72  9:10  Zealot x4, Stargate  
  80  9:20  Zealot  
  80  9:21  Stalker x2  
  80  9:22  Stalker  
  80  9:23  Phoenix (Chrono Boost)  
  85  9:40  Phoenix (Chrono Boost)  
  87  9:45  Zealot x2  
  87  9:46  Zealot x2  
  87  9:51  Phoenix (Chrono Boost)  
  85  9:58  Phoenix (Chrono Boost)  
  85  10:00  Zealot  
  85  10:02  Phoenix (Chrono Boost)  
  85  10:06  Probe x2  
  81  10:11  Pylon  
  81  10:12  Pylon  
  81  10:13  Phoenix (Chrono Boost)  
  71  10:18  Probe  
  64  10:22  Probe  
  64  10:28  Phoenix (Chrono Boost)  
  67  10:34  Zealot  
  69  10:36  Pylon  
  69  10:43  Phoenix (Chrono Boost)  
  52  11:18  Mothership Core (Chrono Boost)  
  47  11:30  Stalker x2  
  47  11:32  Stalker x2  
Show
View Real Time Build Order
Export as new Build Order

Voltz Zerg - Winner!

Build Orders: 3 Hatch before Pool 

Get SALT Encoding   

  12  0:00  Drone  
  13  0:12  Overlord  
  13  0:18  Drone  
  14  0:30  Drone  
  14  0:31  Drone  
  14  0:34  Drone  
  17  0:51  Hatchery  
  17  0:54  Drone  
  17  0:57  Drone  
  18  1:17  Hatchery  
  17  1:20  Drone  
  17  1:23  Drone  
  19  1:36  Spawning Pool  
  19  1:39  Drone  
  19  1:42  Drone  
  20  1:50  Drone  
  21  2:00  Drone  
  22  2:04  Overlord  
  22  2:11  Drone  
  22  2:14  Drone  
  24  2:23  Queen x2  
  24  2:26  Zergling x2  
  24  2:29  Drone x2  
  31  2:30  Queen  
  31  2:34  Drone  
  31  2:35  Drone  
  35  2:42  Overlord  
  35  2:45  Zergling x2  
  35  2:47  Zergling x2  
  37  2:56  Zergling x4  
  39  3:00  Zergling x2  
  39  3:02  Queen  
  39  3:04  Zergling x2  
  43  3:05  Overlord  
  43  3:10  Drone  
  43  3:12  Drone  
  45  3:15  Drone  
  45  3:18  Overlord  
  46  3:24  Drone  
  46  3:26  Drone  
  48  3:30  Drone  
  48  3:32  Drone x2  
  51  3:37  Drone x3  
  51  3:38  Drone x2  
  51  3:39  Drone x3  
  51  3:40  Overlord  
  57  3:46  Overlord  
  57  3:47  Drone  
  58  3:50  Drone  
  58  3:52  Extractor  
  58  3:53  Extractor  
  58  3:54  Extractor x2  
  55  3:57  Drone x2  
  55  4:00  Drone  
  58  4:07  Drone x2  
  59  4:17  Drone x3  
  59  4:22  Overlord  
  62  4:24  Hatchery  
  62  4:26  Drone  
  62  4:27  Drone x6  
  62  4:30  Drone x2  
  70  4:36  Lair  
  70  4:37  Metabolic Boost  
  70  4:42  Evolution Chamber  
  69  4:46  Drone x3  
  69  4:48  Drone, Extractor  
  69  4:49  Drone, Extractor  
  72  4:54  Drone  
  72  4:55  Drone x2  
  72  4:56  Drone x3  
  72  4:58  Overlord  
  78  5:10  Zergling x2  
  78  5:11  Zergling x6  
  78  5:13  Drone x2  
  84  5:15  Zerg Melee Weapons Level 1  
  84  5:16  Zergling x4  
  86  5:24  Zergling x10  
  91  5:29  Zergling x14  
  98  5:42  Drone x2  
  100  5:43  Spire  
  100  5:45  Overseer  
  100  5:47  Overlord  
  100  5:48  Overlord x2  
  99  5:53  Overlord x2, Extractor  
  98  5:57  Extractor  
  98  5:58  Drone x3  
  98  5:59  Drone x3  
  103  6:05  Queen  
  105  6:12  Zergling x12  
  105  6:13  Zergling x6  
  96  6:40  Zergling x6  
  98  6:47  Spine Crawler x3  
  98  6:51  Spine Crawler  
  94  6:54  Spine Crawler  
  94  6:56  Mutalisk x10, Spine Crawler  
  94  6:57  Mutalisk x4  
  120  7:02  Mutalisk  
  120  7:05  Mutalisk  
  124  7:10  Mutalisk x2  
  124  7:12  Mutalisk  
  124  7:13  Mutalisk  
  124  7:14  Mutalisk  
  134  7:19  Mutalisk x2  
  111  7:31  Mutalisk  
  111  7:33  Drone x5  
  111  7:34  Drone x4  
  111  7:36  Drone  
  100  7:44  Drone  
  100  7:45  Drone  
  100  7:46  Drone  
  94  7:53  Mutalisk  
  86  8:01  Mutalisk x2  
  82  8:05  Zergling x2  
  82  8:06  Zergling x2  
  82  8:12  Mutalisk  
  84  8:17  Mutalisk  
  84  8:19  Zergling x2  
  89  8:20  Zergling x8  
  89  8:25  Mutalisk  
  91  8:32  Mutalisk  
  93  8:38  Zergling x14  
  93  8:56  Drone x2  
  93  8:58  Drone x4  
  98  9:08  Spawning Pool  
  97  9:24  Mutalisk x5  
  97  9:26  Mutalisk  
  97  9:28  Hatchery  
  108  9:44  Mutalisk x2  
  101  9:53  Mutalisk  
  101  9:54  Mutalisk  
  101  9:59  Zergling x2  
  107  10:00  Zergling x10  
  107  10:06  Lair  
  110  10:09  Zergling x2  
  110  10:10  Zergling x2  
  105  10:27  Drone  
  104  10:32  Extractor  
  104  10:34  Zergling x2  
  104  10:35  Zergling x6  
  107  10:44  Zergling x4  
  92  11:14  Zergling x12  
Tags
 
Add a new tag
Caveats
  • Supply blocks, unpowered buildings, or Contaminate may cause inaccurate times.
  • Supply counts are checked every 10 seconds.